 Dungeon Crawl Stone Soup version 0.19-a0-559-ga3d69d0 (webtiles) character file.

108 namelastname112 the Sneak (level 4, -1/20 HPs)
             Began as a Felid Wanderer on June 8, 2016.
             Slain by a goblin
             ... wielding a +0 club
             ... led by Robin
              (3 damage)
             ... on level 3 of the Dungeon.
             The game lasted 00:08:11 (4777 turns).

namelastname112 the Sneak (Felid Wanderer)          Turns: 4777, Time: 00:08:11

Health: -1/20      AC:  1    Str:  6    XL:     4   Next: 58%
Magic:  9/9        EV: 15    Int: 17    God:
Gold:   137        SH:  0    Dex: 19    Spells: 1 memorised, 6 levels left
                                        Lives:  0   Deaths: 1

rFire  . . .     SeeInvis +       - Unarmed
rCold  . . .     Gourm    .     (armour unavailable)
rNeg   . . .     Faith    .     (shield unavailable)
rPois  .         Spirit   .     (helmet unavailable)
rElec  .         Dismiss  .     (cloak unavailable)
rCorr  .         Reflect  .     (gloves unavailable)
SustAt .         Harm     .     (boots unavailable)
MR     .....     Rnd*Tele +     (no amulet)
Stlth  +++.......               c - +4 ring of intelligence
                                q - ring of teleportation (curse)

@: quick, not resistant to hostile enchantments, fairly stealthy
A: no armour, no weapons or thrown items, claws 1, fangs 3, see invisible,
carnivore 3, speed 1, shaggy fur 1, slow metabolism 1, sharp paws
a: no special abilities


You were on level 3 of the Dungeon.
You were full.

You visited 1 branch of the dungeon, and saw 3 of its levels.

You collected 137 gold pieces.

Inventory:

Jewellery
 c - a +4 ring of intelligence (right paw)
 q - a cursed ring of teleportation (left paw)
Wands
 a - a wand of enslavement (15/24)
Scrolls
 f - a scroll of fear {unknown}
 h - 3 scrolls of remove curse {unknown}
 i - 2 scrolls of teleportation {unknown}
 j - 4 scrolls of identify {unknown}
 k - a scroll of noise {unknown}
 m - a scroll of random uselessness {unknown}
 n - a scroll of enchant armour {unknown}
 p - 2 scrolls of recharging {unknown}
Potions
 g - a potion of degeneration {unknown}
 o - a potion of mutation {unknown}
Books
 b - Sif Muna's Incunabulum of Evil Secrets

   Spells                             Type                      Level
   a - Corpse Rot                     Necromancy                   2
   b - Sublimation of Blood           Necromancy                   2
Comestibles
 d - 5 meat rations
 l - a royal jelly


   Skills:
 + Level 2.6 Fighting
 + Level 3.5 Stealth
 * Level 3.2 Unarmed Combat
 + Level 2.8 Spellcasting
   Level 1.2 Charms
 - Level 2.0 Necromancy
 + Level 2.5 Evocations


You had 6 spell levels left.
You knew the following spells:

 Your Spells              Type           Power        Failure   Level  Hunger
a - Corpse Rot            Necr           N/A          14%         2    ##.....


Dungeon Overview and Level Annotations

Branches:
Dungeon (3/15)

Altars:

Annotations:
D:3 Robin


Innate Abilities, Weirdness & Mutations

You cannot wear armour.
You are incapable of wielding weapons or throwing items.
You have sharp claws.
You have razor-sharp teeth.
You have supernaturally acute eyesight. (SInv)
You are carnivorous and can eat meat at any time.
You cover ground quickly.
You are covered in fur. (AC +1)
You have a slow metabolism.
Your sharp claws are effective at attacking unaware monsters.


Message History

The goblin no longer looks unusually strong.
The goblin completely misses you. The goblin barely misses you.
You barely miss the goblin. You bite the goblin, but do no damage.
The goblin is heavily wounded.
The goblin closely misses you. The goblin hits you with a club.
* * * LOW HITPOINT WARNING * * *
You take 3 damage, and have 5/20 hp.
You miss the goblin.
The goblin is heavily wounded.
The goblin closely misses you.
You closely miss the goblin.
The goblin is heavily wounded.
The goblin hits you with a club.
* * * LOW HITPOINT WARNING * * *
The goblin barely misses you.
You take 3 damage, and have 2/20 hp.
You barely miss the goblin.
The goblin is heavily wounded.
The goblin hits you with a club.
You die...

#..............#
#...............
#####.......###.#
#...#......K##...
##..≈#..####.##...
###...##..# #.g#...
#.'...#...# ##g##..
#.#####K..#####.#g..
#.g@ggggg.#...#.....
########.#..g.g.....
#...........#
##...........
#...........
##..........
##......####
####.......#
#.....<....#


You could see Robin, 3 hobgoblins, 2 goblins and a kobold.

Vanquished Creatures
  12 adders
  2 worms (D:2)
  5 dart slugs
  4 giant geckos
  A ball python (D:1)
  4 giant cockroaches
  7 goblins
  2 hobgoblins (D:2)
  4 jackals (D:3)
  2 quokkas (D:2)
  9 bats
  7 giant newts
  9 kobolds
  8 rats
76 creatures vanquished.

Notes
Turn   | Place    | Note
--------------------------------------------------------------
     0 | D:1      | namelastname112 the Felid Wanderer began the quest for the Orb.
     0 | D:1      | namelastname112 set off with: a wand of enslavement (15/24), Sif Muna's Incunabulum of Evil Secrets, a potion of curing, a meat ration
     0 | D:1      | Reached XP level 1. HP: 9/9 MP: 4/4
     0 | D:1      | xeno23: пчелы же неразумными всегда были
     0 | D:1      | Identified Sif Muna's Incunabulum of Evil Secrets
     0 | D:1      | crauler: это жрицы
     0 | D:1      | crauler: они уму разуму научились
     6 | D:1      | crauler: о
   101 | D:1      | crauler: корпс рот
   131 | D:1      | crauler: а неплохой бонус старта
   205 | D:1      | Reached XP level 2. HP: 12/12 MP: 6/6
   214 | D:1      | Learned a level 2 spell: Corpse Rot
   605 | D:1      | namelastname112: ну да
   605 | D:1      | namelastname112: неплохой старт так-то
   648 | D:1      | namelastname112: я еще слыхал
   648 | D:1      | namelastname112: что у миазмы новый тайл
   648 | D:1      | crauler: еще бы крыс в зубах носить
   731 | D:1      | crauler: или мышей
   731 | D:1      | namelastname112: ууу
   731 | D:1      | xeno23: мм
   731 | D:1      | namelastname112: пиздатый тайл-то
   731 | D:1      | xeno23: фиолетовое колдунство
   731 | D:1      | crauler: ммм
   731 | D:1      | crauler: хуй знает
   793 | D:1      | crauler: миазма все таки не колдунство
   795 | D:1      | crauler: а ВОНИЗМ
   810 | D:1      | Reached XP level 3. HP: 2/15 MP: 5/7
  1206 | D:1      | namelastname112: ну бля
  1206 | D:1      | namelastname112: лучше чем черный дым
  1206 | D:1      | namelastname112: как раньше
  1207 | D:1      | crauler: раньше было лудше
  1570 | D:2      | Reached XP level 4. HP: 19/19 MP: 8/8
  2290 | D:2      | crauler: 5 куров?
  2334 | D:2      | crauler: ты начал с одним?
  2367 | D:2      | namelastname112: da
  2815 | D:2      | Reached XP level 5. HP: 23/23 MP: 9/9
  2987 | D:2      | crauler: я гений
  3227 | D:2      | crauler: спидран страта
  3246 | D:2      | crauler: носить кольцо теле
  3302 | D:2      | crauler: телепит к монстрам
  3327 | D:2      | crauler: сокращает время исследования этажа
  4294 | D:3      | Noticed Robin
  4301 | D:3      | Slain by an adder
  4302 | D:3      | Reached XP level 4. HP: 0/20 MP: 9/9
  4302 | D:3      | namelastname112: найс
  4376 | D:3      | HP: 1/20 [jackal (3)]
  4777 | D:3      | Slain by a goblin

Vault maps used:
D:1:      dpeg_arrival_refuge, kennysheep_small_spiral, minivault_5,
          grunt_decor_arrowhead
D:2:      minmay_mini_jars
D:3:      gammafunk_temple_overflow_claw, corexii_item_surrounded_by_moat,
          kennysheep_cluttered_room, serial_bayou_ford_a,
          kennysheep_nondescript, uniq_robin, uniq_crazy_yiuf_cottage

Skill      XL: |  1  2  3  4 |
---------------+-------------+-----
Stealth        | 2 3 |  3.5
Evocations     | 2 |  2.5
Fighting       | 2 |  2.6
Unarmed Combat | 3 |  3.2
Spellcasting   | |  2.8
Charms         | |  1.2
Necromancy     | |  2.0

Action                   |  1- 3 |  4- 6 || total
-------------------------+-------+-------++-------
Melee: Unarmed           |    84 |   151 ||   235
       Bite              |     6 |    12 ||    18
       Punch             |       |     1 ||     1
 Cast: Corpse Rot        |     2 |     7 ||     9
  Use: Potion            |       |     7 ||     7
 Stab: Sleeping          |    17 |     8 ||    25
       Distracted        |       |     1 ||     1
  Eat: Chunk             |     8 |     8 ||    16
Armor: Skin              |    11 |     7 ||    18
Dodge: Dodged            |    59 |    98 ||   157
